 Dungeon Crawl Stone Soup version 0.19-a0-1068-g99dd0f4 (webtiles) character file.

35 Elitist the Skirmisher (level 3, -9/33 HPs)
             Began as a Ghoul Monk on Aug 4, 2016.
             Mangled by Sigmund
             ... wielding a +0 scythe
              (12 damage)
             ... on level 2 of the Dungeon.
             The game lasted 00:02:50 (1100 turns).

Elitist the Skirmisher (Ghoul Monk)                 Turns: 1100, Time: 00:02:50

Health: -9/33      AC:  6    Str: 14    XL:     3   Next: 33%
Magic:  2/2        EV: 10    Int:  6    God:
Gold:   33         SH:  0    Dex: 11    Spells: 0 memorised, 2 levels left

rFire  . . .     SeeInvis .     a - +0 mace
rCold  + . .     Gourm    .     h - +0 scale mail
rNeg   + + +     Faith    .     (no shield)
rPois  ∞         Spirit   .     (no helmet)
rElec  .         Dismiss  .     (no cloak)
rCorr  .         Reflect  .     (no gloves)
SustAt .         Harm     .     (no boots)
MR     .....                    (no amulet)
Stlth  ..........               (no ring)
                                (no ring)

@: about to teleport, rotting
A: rotting body, claws 1, carnivore 3, cold resistance 1, negative energy
resistance 3, slow regeneration 1, torment resistance, unbreathing
a: no special abilities


You were on level 2 of the Dungeon.
You were not hungry.

You visited 1 branch of the dungeon, and saw 2 of its levels.

You collected 33 gold pieces.

Inventory:

Hand Weapons
 a - a +0 mace (weapon)
Armour
 b - a +0 robe
 h - a +0 scale mail (worn)
Scrolls
 f - a scroll of fog {unknown}
 i - a scroll of random uselessness {unknown}
 k - 2 scrolls of identify {unknown}
Potions
 j - a potion of ambrosia
Comestibles
 c - a meat ration
 g - 5 chunks of flesh


   Skills:
 + Level 3.8 Fighting
 * Level 3.3 Maces & Flails
 + Level 0.0 Armour
 - Level 2.9 Dodging
 - Level 2.1 Stealth


You had 2 spell levels left.
You didn't know any spells.

Dungeon Overview and Level Annotations

Branches:
Dungeon (2/15)

Altars:

Annotations:
D:2 Sigmund


Innate Abilities, Weirdness & Mutations

Your body is rotting away.
You thrive on raw meat.
You are immune to poison.
You have sharp fingernails.
You are carnivorous and can eat meat at any time.
Your flesh is cold resistant. (rC+)
You are immune to negative energy. (rN+++)
You regenerate slowly when monsters are visible.
You are immune to unholy pain and torment.
You can survive without breathing.


Message History

You feel invigorated.
Sigmund zaps a wand.
The puff of flame hits you!
It is a wand of flame.
You feel less invigorated.
You feel less confused. Sigmund hits you with a scythe.
You closely miss Sigmund.
Sigmund points at you and mumbles some strange words.
The puff of flame hits you!
You closely miss Sigmund.
Sigmund points at you and mumbles some strange words.
The magic dart hits you!
* * * LOW HITPOINT WARNING * * *
Firing (i - inventory): No suitable missiles.
Press: ? - help, Shift-Dir - straight line, f - Sigmund
Aim: Sigmund, wielding a scythe, wearing a robe and carrying a wand of flame {zapped: 1}
Okay, then.
As you read the scroll labeled JEMOKHL ME TEN, it crumbles to dust.
You feel strangely unstable.
It was a scroll of teleportation.
Sigmund hits you with a scythe!
You die...

.. ...#..#..#..# .
#.###...###.# .
#..#..#..#..# #.
#....###...##
#.##.#...##..##
..##.............##
.........#..#..#..#
.#####@###...###.#
#@.#..#..#..######
##....##...#......
###..######.#####
#.## #.# # #.#
#.##### #.# #.#....
.. #.#.#.# #.#.#.#
#......


You could see Sigmund.

Vanquished Creatures
  2 dart slugs (D:1)
  A giant gecko (D:1)
  4 bats
  2 giant cockroaches
  5 goblins
  5 hobgoblins (D:1)
  6 kobolds (D:1)
  A giant newt (D:1)
  2 rats (D:1)
28 creatures vanquished.

Notes
Turn   | Place    | Note
-------+----------+-------------------------------------------
     0 | D:1      | Elitist the Ghoul Monk began the quest for the Orb.
     0 | D:1      | Reached XP level 1. HP: 19/19 MP: 0/0
   132 | D:1      | Reached XP level 2. HP: 26/26 MP: 1/1
   650 | D:1      | Reached XP level 3. HP: 33/33 MP: 2/2
  1047 | D:2      | Noticed Sigmund
  1100 | D:2      | Mangled by Sigmund

Vault maps used:
D:1:      saegor_arrival_simple_b
D:2:      xom_butterflies, serial_glass, glass_columns_b, glass_columns_a,
          feat_on_display, feat_on_display, minmay_strange_pillars,
          minmay_strange_pillars, uniq_sigmund

Skill      XL: |  1 |
---------------+----+-----
Maces & Flails | 3 |  3.3
Fighting       | |  3.8
Dodging        | |  2.9
Stealth        | |  2.1

Action                   || total
-------------------------++-------
Melee: Mace              ||    87
  Use: Potion            ||     2
       Scroll            ||     1
 Stab: Sleeping          ||     1
  Eat: Chunk             ||     8
Armor: Robe              ||     5
       Scale mail        ||    25
Dodge: Dodged            ||    55
